 Dungeon Crawl Stone Soup version 0.31-a0-1074-g0b22e4e0f1 (webtiles) character file.

Game seed: 9410846405062850467

597 backslashecho the Changeling (level 7, 0/79 HPs)
             Began as a Human Shapeshifter on Dec 4, 2023.
             Was an Initiate of Dithmenos.
             Slain by an ice beast (13 damage)
             ... on level 5 of the Dungeon.
             The game lasted 00:08:10 (3829 turns).

backslashecho the Changeling (Human Shapeshifter)   Turns: 3829, Time: 00:08:11

Health: 0/79       AC: 23    Str: 15    XL:     7   Next: 68%
Magic:  7/7        EV:  2    Int: 10    God:    Dithmenos [......]
Gold:   202        SH:  0    Dex: 14    Spells: 6/6 levels left

rFire   . .          .
                       - Unarmed
rCold   . . .        (no shield)
rNeg    . . .        a - melded +0 animal skin
rPois   +            (helmet currently unavailable)
rElec   .            (cloak currently unavailable)
rCorr   .            (gloves currently unavailable)
SInv    .            (boots currently unavailable)
Will    .....        g - amulet of the acrobat
Stlth   +            (no ring)
HPRegen 0.33/turn    (no ring)
MPRegen 0.10/turn

%: acrobat
@: tree-form
A: stationary, stasis, torment immunity, boosted hp
a: Renounce Religion


You were on level 5 of the Dungeon.
You worshipped Dithmenos.
Dithmenos was noncommittal.
You were a tree.
You visited 2 branches of the dungeon, and saw 6 of its levels.

You collected 202 gold pieces.

Inventory:

Hand Weapons
 v - the +5 sling of Mirphucun {flame, SInv}
   (You found it on level 4 of the Dungeon)

   SInv:      It lets you see invisible.
Missiles
 k - 9 poisoned darts (quivered)
Armour
 a - a +0 animal skin (melded)
 u - a +0 helmet
 w - a +0 pair of gloves
Jewellery
 e - a ring of fire
 g - an amulet of the acrobat (around neck)
Talismans
 c - a beast talisman
 d - a flux talisman
Scrolls
 i - a scroll of immolation {unknown}
 l - 2 scrolls of fear {unknown}
 m - 5 scrolls of teleportation {unknown}
 o - a scroll of poison {unknown}
 q - 4 scrolls of identify {unknown}
 t - a scroll of amnesia {unknown}
 x - a scroll of revelation {unknown}
Potions
 b - 2 potions of lignification
 f - a potion of ambrosia {unknown}
 h - a potion of heal wounds {unknown}
 j - 2 potions of curing {unknown}
 n - 2 potions of brilliance {unknown}
 p - a potion of cancellation {unknown}
 r - a potion of berserk rage {unknown}
 s - 2 potions of enlightenment {unknown}
 z - a potion of might {unknown}


   Skills:
 + Level 3.7 Fighting
 - Level 3.0 Dodging
 + Level 4.8 Unarmed Combat
 * Level 5.4 Shapeshifting


You had 6 spell levels left.
You didn't know any spells.
Your spell library was empty.

Dungeon Overview and Level Annotations

Branches:
Dungeon (5/15)             Temple (1/1) D:4

Altars:
Ashenzari
Cheibriados
Dithmenos
Elyvilon
Fedhas
Gozag
Hepliaklqana
Kikubaaqudgha
Makhleb
Nemelex Xobeh
Okawaru
Ru
Sif Muna
Trog
Uskayaw
Vehumet
Wu Jian
Xom
Yredelemnul
Zin
The Shining One


Message History

The ice beast freezes you!
You take 10 damage, and have 43/53 hp.
You closely miss the ice beast. The ice beast misses you.
You hit the ice beast.
The ice beast is lightly wounded.
The ice beast misses you.
You hit the ice beast.
The ice beast is moderately wounded.
The ice beast completely misses you.
You closely miss the ice beast.
The ice beast is moderately wounded.
The ice beast hits you but does no damage.
You hit the ice beast.
The ice beast is moderately wounded.
The ice beast hits you. The ice beast freezes you!
You take 15 damage, and have 29/53 hp.
MASSIVE DAMAGE!!
You punch the ice beast!
The ice beast is heavily wounded.
The ice beast hits you. The ice beast freezes you!
* * * LOW HITPOINT WARNING * * *
You are too injured to fight recklessly!
You take 15 damage, and have 14/53 hp.
MASSIVE DAMAGE!!
You are too injured to fight recklessly!
You are too injured to fight recklessly!
You are too injured to fight recklessly!
You are too injured to fight recklessly!
You are too injured to fight recklessly!
You are too injured to fight recklessly!
You are too injured to fight recklessly!
You are too injured to fight recklessly!
You are too injured to fight recklessly!
Your transformation has ended.
You turn into a tree.
Your +0 animal skin melds into your body.
Your roots penetrate the ground.
The ice beast hits you.
* * * LOW HITPOINT WARNING * * *
The ice beast freezes you.
* * * LOW HITPOINT WARNING * * *
You now have 15/79 hp.
You hit the ice beast but do no damage.
The ice beast is heavily wounded.
You closely miss the ice beast.
The ice beast is heavily wounded.
The ice beast hits you but does no damage.
You hit the ice beast but do no damage. You punch the ice beast.
The ice beast is severely wounded.
The ice beast hits you.
* * * LOW HITPOINT WARNING * * *
The ice beast freezes you!
You die...

....# ######### #..#....#
...##. ... #..#.####
...... .>... #..#.# ...##.
#.... #..#.# ...# ##.#.#
#..#.# .#.(.. [##.#.#
#..#.# ## ### ###.##.#.#
#..#.# .... #.#Y# #..#.#
..# #.#♣# ###..#.#
...#####..# #...# #......#
.......<..# #.#####.#.#.##
#######.#.####.........#.#
.............#...#.#
#....####..##.#...#.#
#....# #..##.#...#.#
.....# #).##.#.....#
#....# #..##.#..####


You could see an ice beast.

Vanquished Creatures
  Pikel (D:4)
  A hound (D:4)
  An orc wizard (D:4)
  Robin (D:3)
  An adder (D:4)
  3 worms
  5 dart slugs
  4 orcs (D:4)
  3 bats (D:3)
  9 endoplasms
  A giant cockroach (D:2)
  16 goblins
  8 hobgoblins
  4 jackals (D:2)
  A quokka (D:4)
  6 ball pythons
  3 frilled lizards
  5 kobolds
  6 rats
79 creatures vanquished.

Notes
Turn   | Place    | Note
-------+----------+-------------------------------------------
     0 | D:1      | backslashecho the Human Shapeshifter began the quest for
                  | the Orb.
     0 | D:1      | Reached XP level 1. HP: 15/15 MP: 1/1
   227 | D:1      | Reached XP level 2. HP: 21/21 MP: 2/2
   899 | D:2      | Reached XP level 3. HP: 26/26 MP: 3/3
  1713 | D:3      | Noticed Robin
  1723 | D:3      | Reached XP level 4. HP: 22/33 MP: 4/4
  2571 | D:3      | Killed Robin
  2607 | D:3      | Reached XP level 5. HP: 30/38 MP: 5/5
  2657 | D:4      | Found a staircase to the Ecumenical Temple.
  2667 | Temple   | Entered the Ecumenical Temple
  2724 | Temple   | Became a worshipper of Dithmenos the Shadowed
  2890 | D:4      | Identified the +5 sling of Mirphucun {flame, SInv}
  3039 | D:4      | Noticed Pikel
  3039 | D:4      | Noticed a lemure
  3039 | D:4      | Noticed a lemure
  3039 | D:4      | Noticed a lemure
  3040 | D:4      | Noticed a lemure
  3062 | D:4      | Killed Pikel
  3063 | D:4      | Reached skill level 5 in Shapeshifting
  3063 | D:4      | Reached XP level 6. HP: 48/48 MP: 6/6
  3063 | D:4      | Reached XP level 7. HP: 53/53 MP: 7/7
  3664 | D:5      | Entered Level 5 of the Dungeon
  3829 | D:5      | Slain by an ice beast

Illustrated notes

Levels and vault maps discovered:
D:1:      dpeg_arrival_shrine, layout_loops_ring
D:2:      layout_basic
D:3:      layout_basic, uniq_robin
D:4:      layout_basic, minmay_temple_entry_statues_fountains, serial_forest,
          infiniplex_forest_clump_small, infiniplex_forest_clump_medium,
          infiniplex_forest_lined_room_2, infiniplex_forest_straight_3,
          infiniplex_forest_straight_2, infiniplex_forest_corner_1, uniq_pikel
D:5:      layout_basic, minmay_fractal_squares_diagonal_5, uniq_edmund
Temple:   mainiacjoe_temple_starburst

Skill      XL: |  1  2  3  4  5 |
---------------+----------------+-----
Fighting       | 2 3 |  3.7
Dodging        | 3 |  3.0
Unarmed Combat | 4 |  4.8
Shapeshifting  | 5 |  5.4

Action                     |  1- 3 |  4- 6 |  7- 9 || total
---------------------------+-------+-------+-------++-------
  Melee: Unarmed           |   107 |   122 |    34 ||   263
         Punch             |     1 |     6 |     1 ||     8
    Use: Potion            |       |     1 |     1 ||     2
   Stab: Sleeping          |     6 |     2 |       ||     8
         Distracted        |       |     1 |       ||     1
 Armour: Animal skin       |    36 |    48 |     6 ||    90
         Skin              |       |    10 |    10 ||    20
  Dodge: Dodged            |    50 |    83 |    12 ||   145

Table legend: (Time is in decaauts)
 A = Elapsed time spent in this place.
 B = Non-inter-level travel time spent in this place.
 C = Inter-level travel time spent in this place.
 D = Time resting spent in this place.
 E = Time spent auto-exploring this place.
 F = Levels seen in this place.
 G = Mean time per level.
                   A        B        C        D        E       F      G
               +--------+--------+--------+--------+--------+-----+--------+
         Total |   3815 |   3329 |    486 |    254 |   2337 |   6 |  635.8 |
       Dungeon |   3704 |   3324 |    380 |    254 |   2337 |   5 |  740.8 |
        Temple |    110 |      4 |    106 |      0 |      0 |   1 |  110.0 |
               +--------+--------+--------+--------+--------+-----+--------+

Top non-repeatable levels by time:
     D:3: 1045 daAuts
     D:4: 984 daAuts
     D:1: 830 daAuts
     D:2: 763 daAuts
  Temple: 110 daAuts
     D:5: 80 daAuts
